AoeStats
← Joaking

African Clearing

504673125Analyzed
4v4 RM · 26d ago on Sep 6, 2026· 29m 35s· 8 players
Game mode
Random Map
Map size
Large (8 player)
Population
200
Speed
Normal
Resources
Standard
Victory
Conquest
Starting age
Dark Age
Ending age
Imperial Age
RankedLock teamsTeams togetherTeam positionsShared explorationLock speedFull tech treeHidden civsTurbo modeCheats
Victory
Defeat
🇦🇷 Huns · Argentina
1259
+7
🇦🇷 Vietnamese · Argentina
1163
+10
🇦🇷 Malians · Argentina
1035
+15
🇦🇷 Hindustanis · Argentina
950
+19
🇩🇪 Japanese · Germany
1048
-13
🇨🇱 Maya · Chile
1034
-13
🇯🇵 Spanish · Japan
1025
-13
🇦🇷 Vietnamese · Argentina
1004
-12
Joaking
16:28 Feudal Age
19:29 Loom
21:53 Castle Age
22:16 Crossbowman
nahuelAOE2
4:42 Loom
haspirits
4:57 Loom
14:47 Feudal Age
15:14 Fishing Lines
15:22 Double-Bit Axe
21:57 Castle Age
20:22 Stone Mining
23:45 Wheelbarrow
23:12 Gillnets
23:33 Fletching
27:38 Husbandry
29:16 Scale Barding Armor
kujiraman
2:55 Loom
16:04 Feudal Age
CAT1913
11:20 Loom
14:20 Feudal Age
15:28 Double-Bit Axe
18:23 Castle Age
19:51 Bow Saw
19:22 Horse Collar
23:40 Fletching
26:03 Bodkin Arrow
Yanluk
7:44 Loom
14:44 Feudal Age
15:29 Man-at-Arms
19:58 Wheelbarrow
25:22 Castle Age
23:44 Scale Mail Armor
24:52 Bloodlines
27:26 Scale Barding Armor
27:50 Double-Bit Axe
29:06 Husbandry
29:32 Forging
ramiroale91
7:48 Loom
14:32 Feudal Age
21:11 Castle Age
20:49 Scale Barding Armor
20:56 Forging
21:25 Bloodlines
30:41 Wheelbarrow
Atilafiorito
11:02 Loom
13:07 Feudal Age
17:26 Castle Age
16:43 Double-Bit Axe
18:54 Fletching
21:16 Bodkin Arrow
Connection lost

Rejoining the realm…

Still unreachable

The connection could not be restored.

Session expired

The server has moved on; the page needs a fresh start.